 Dungeon Crawl Stone Soup version 0.21-a0-509-gecc5317 (webtiles) character file.

6745 slep the Cleaver (level 11, -6/94 HPs)
             Began as a Hill Orc Gladiator on Nov 30, 2017.
             Was a Priest of Okawaru.
             Mangled by a soul eater (10 damage)
             ... summoned by a kobold demonologist
             ... on level 11 of the Dungeon.
             The game lasted 00:55:30 (9483 turns).

slep the Cleaver (Hill Orc Gladiator)               Turns: 9483, Time: 00:55:30

Health: -6/94      AC: 29    Str: 18      XL:     11   Next: 4%
Magic:  11/11      EV:  1    Int:  7 (8)  God:    Okawaru [***...]
Gold:   702        SH: 10    Dex: 15      Spells: 10/10 levels left

rFire    + . .     SeeInvis .   a - +0 war axe
rCold    + . .     Gourm    .   K - +0 shield
rNeg     . . .     Faith    .   x - +9 scales of the Dragon King {rPois rF+ rC+ MR+}
rPois    +         Spirit   .   c - +0 helmet
rElec    .         Reflect  .   (no cloak)
rCorr    +         Harm     .   A - +0 pair of gloves
MR       ++...                  F - +0 pair of boots
Stlth    ..........             (no amulet)
HPRegen  0.25/turn              G - ring of protection from magic
MPRegen  0.12/turn              t - ring of resist corrosion

@: drained
A: no striking features
a: Heroism, Renounce Religion


You were on level 11 of the Dungeon.
You worshipped Okawaru.
Okawaru was most pleased with you.
You were near starving.

You visited 3 branches of the dungeon, and saw 13 of its levels.

You collected 702 gold pieces.

Inventory:

Hand Weapons
 a - a +0 war axe (weapon)
 e - a +0 flail of holy wrath
 y - a +1 whip of flaming
 I - a +1 dagger of venom
Missiles
 d - 3 throwing nets (quivered)
Armour
 c - a +0 helmet (worn)
 x - the +9 scales of the Dragon King (worn) {rPois rF+ rC+ MR+}
   (You found it on level 4 of the Dungeon)

   It protects you from fire.
   It protects you from cold.
   It protects you from poison.
   It affects your resistance to hostile enchantments.
 A - a +0 pair of gloves (worn)
 F - a +0 pair of boots (worn)
 K - a +0 shield (worn)
Jewellery
 b - an uncursed ring of teleportation
 t - a ring of resist corrosion (right hand)
 E - a +4 ring of slaying
 G - a ring of protection from magic (left hand)
 M - an uncursed ring of protection from cold
Wands
 q - a wand of digging (7)
 z - a wand of polymorph (5)
Scrolls
 g - 2 scrolls of amnesia
 h - 4 scrolls of teleportation
 k - a scroll of remove curse
 l - 6 scrolls of identify
 m - a scroll of fog
 u - a scroll of torment {unknown}
 H - 2 scrolls of enchant weapon
Potions
 i - 4 potions of might
 r - a potion of mutation
 s - a potion of haste
 v - a potion of brilliance
 w - a potion of heal wounds
 B - 3 potions of curing
 C - 2 potions of lignification
 D - a potion of flight {unknown}
 L - 2 potions of cancellation
Books
 o - a book of Battle

   Spells                             Type                      Level
   a - Infusion                       Charms                       1
   b - Shroud of Golubria             Charms/Translocation         2
   c - Song of Slaying                Charms                       2
   d - Spectral Weapon                Hexes/Charms                 3
   e - Regeneration                   Charms/Necromancy            3
 R - a book of Minor Magic

   Spells                             Type                      Level
   a - Magic Dart                     Conjuration                  1
   b - Blink                          Translocation                2
   c - Call Imp                       Summoning                    2
   d - Slow                           Hexes                        2
   e - Conjure Flame                  Conjuration/Fire             3
   f - Mephitic Cloud                 Conjuration/Poison/Air       3
Comestibles
 f - 13 bread rations
 n - 6 royal jellies
 p - 8 meat rations
 J - 2 fruits


   Skills:
 + Level 8.2(7.9) Fighting
 + Level 14.9(14.6) Axes
 + Level 0.7(8.2) Maces & Flails
 + Level 2.0(1.8) Throwing
 + Level 8.1(7.9) Armour
 + Level 3.4(3.2) Dodging
 + Level 0.9(0.7) Stealth
 + Level 4.9(4.7) Shields
 + Level 0.9(0.7) Unarmed Combat


You had 10 spell levels left.
You didn't know any spells.

Dungeon Overview and Level Annotations

Branches:
Dungeon (11/15)            Temple (1/1) D:7            Lair (1/6) D:11
    Orc (0/2) D:9

Altars:
Ashenzari
Cheibriados
Dithmenos
Elyvilon
Fedhas
Gozag
Kikubaaqudgha
Nemelex Xobeh
Okawaru
Qazlal
Ru
Sif Muna
Trog
Vehumet
Wu Jian
Xom
Yredelemnul
The Shining One

Annotations:
D:11 Josephine; Morgoth's ghost, journeyman HuFE


Message History

The kobold demonologist casts a spell.
The crimson imp blinks!
Your scales of the Dragon King prevents you from hitting the kobold demonologist.
The kobold demonologist is severely wounded.
Your scales of the Dragon King prevents you from hitting the ice devil.
You block the ice devil's attack.
You block the kobold demonologist's attack.
Unknown command.
You slash the kobold demonologist!
The kobold demonologist is almost dead.
You hit the soul eater. You hit the ice devil but do no damage.
You block the ice devil's attack. The soul eater hits you!
* * * LOW HITPOINT WARNING * * *
The kobold demonologist casts a spell.
You feel better. You block the red devil's attack. The ice devil hits you.
* * * LOW HITPOINT WARNING * * *
The ice devil freezes you! You resist.
* * * LOW HITPOINT WARNING * * *
The soul eater hits you!
You die...

#......#
#......#
#......#
#....5.#
#....5.#
#......#
#43K4..#
#)@)...#
########


You could see a soul eater, an ice devil, a kobold demonologist, a red devil, a
crimson imp and an ufetubus.

Vanquished Creatures
  2 two-headed ogres (D:9)
  2 kobold demonologists (D:11)
  Grinder (D:4)
  A hippogriff (D:9)
  3 hogs (D:7)
  A human (D:7)
  A yak (D:7)
  A steam dragon (D:5)
  A porcupine (Lair:1)
  Duvessa (D:6)
  2 orc warriors (D:9)
  An ice beast (D:7)
  A black bear (D:9)
  2 phantoms
  An ogre (D:7)
  2 eyes of draining
  4 centaurs
  2 crocodiles (D:9)
  A big kobold (D:8)
  2 bullfrogs (D:9)
  Dowan (D:6)
  2 scorpions
  3 killer bees (D:9)
  2 electric eels (D:10)
  6 howler monkeys
  4 crimson imps
  11 orc wizards
  A gnoll shaman (D:9)
  3 hounds
  5 orc priests
  5 jellies
  3 bullfrog skeletons
  8 worker ants
  Natasha (thrice) (D:4)
  A hound zombie (D:8)
  A worker ant zombie (D:9)
  9 gnolls
  10 adders
  4 shadow imps
  An ooze (D:1)
  An adder skeleton (D:6)
  An adder zombie (D:9)
  3 worms
  A dart slug (D:4)
  6 leopard geckos
  36 orcs
  8 giant cockroaches
  6 goblins
  6 hobgoblins
  8 jackals
  6 quokkas
  3 bats
  3 frilled lizards
  11 kobolds
  A quokka skeleton (D:5)
  10 rats
  A spectral orc (D:7)
226 creatures vanquished.

Vanquished Creatures (others)
  A leopard gecko (D:10)
1 creature vanquished.

Grand Total: 227 creatures vanquished

Notes
Turn   | Place    | Note
-------+----------+-------------------------------------------
     0 | D:1      | slep the Hill Orc Gladiator began the quest for the Orb.
     0 | D:1      | Reached XP level 1. HP: 18/18 MP: 1/1
   148 | D:1      | Reached XP level 2. HP: 25/25 MP: 2/2
   335 | D:1      | Reached XP level 3. HP: 30/30 MP: 3/3
   755 | D:2      | Reached skill level 5 in Axes
   875 | D:2      | Reached XP level 4. HP: 13/37 MP: 4/4
  1103 | D:2      | Found a blossoming altar of Fedhas.
  1143 | D:2      | Found a shattered altar of Ashenzari.
  1268 | D:2      | Found a faded altar of an unknown god.
  1826 | D:3      | Reached XP level 5. HP: 42/42 MP: 5/5
  1877 | D:3      | Reached skill level 6 in Axes
  2028 | D:4      | Found the +9 scales of the Dragon King {rPois rF+ rC+ MR+}
  2041 | D:3      | Reached skill level 1 in Armour
  2064 | D:4      | Reached XP level 6. HP: 16/51 MP: 6/6
  2312 | D:4      | Reached skill level 7 in Axes
  2380 | D:4      | Noticed Natasha
  2399 | D:4      | Killed Natasha
  2663 | D:4      | Noticed Natasha
  2671 | D:4      | Killed Natasha
  2671 | D:4      | Reached XP level 7. HP: 57/57 MP: 7/7
  2674 | D:4      | Noticed Natasha
  2694 | D:4      | Killed Natasha
  2709 | D:4      | Noticed Grinder
  2716 | D:5      | Entered Level 5 of the Dungeon
  2926 | D:5      | Reached skill level 8 in Axes
  2935 | D:5      | Noticed a steam dragon
  2946 | D:5      | Killed a steam dragon
  2994 | D:5      | Reached skill level 9 in Axes
  3178 | D:5      | Reached XP level 8. HP: 66/66 MP: 8/8
  3554 | D:4      | Reached skill level 10 in Axes
  3652 | D:4      | Paralysed by Grinder for 2 turns
  3673 | D:4      | Killed Grinder
  3974 | D:6      | Reached skill level 5 in Fighting
  4431 | D:6      | Noticed Duvessa
  4432 | D:6      | Noticed Dowan
  4441 | D:6      | Killed Duvessa
  4441 | D:6      | Reached skill level 5 in Armour
  4454 | D:6      | Killed Dowan
  4454 | D:6      | Reached skill level 11 in Axes
  4648 | D:6      | Reached XP level 9. HP: 69/74 MP: 9/9
  4966 | D:7      | Reached skill level 12 in Axes
  5284 | D:7      | Found a basalt altar of Yredelemnul.
  5688 | D:7      | Found a staircase to the Ecumenical Temple.
  5694 | Temple   | Entered the Ecumenical Temple
  5763 | Temple   | Became a worshipper of Warmaster Okawaru
  6037 | D:8      | Found a stormy altar of Qazlal.
  6563 | D:9      | Reached skill level 13 in Axes
  6721 | D:9      | Reached XP level 10. HP: 76/84 MP: 10/10
  6897 | D:9      | Reached * piety under Okawaru
  6897 | D:9      | Reached skill level 1 in Shields
  7010 | D:9      | Found a radiant altar of Vehumet.
  7184 | D:9      | Found a staircase to the Orcish Mines.
  7328 | D:9      | Found a deep blue altar of Sif Muna.
  7512 | D:10     | Entered Level 10 of the Dungeon
  7835 | D:10     | Noticed a two-headed ogre
  7843 | D:9      | Killed a two-headed ogre
  7843 | D:9      | Reached ** piety under Okawaru
  7843 | D:9      | Reached skill level 14 in Axes
  7852 | D:10     | Noticed a two-headed ogre
  7978 | D:9      | Killed a two-headed ogre
  8650 | D:10     | Found a shimmering altar of Xom.
  9065 | D:11     | Found a staircase to the Lair.
  9070 | Lair:1   | Entered Level 1 of the Lair of Beasts
  9090 | Lair:1   | Noticed a six-headed hydra
  9092 | Lair:1   | Noticed a spiny frog
  9106 | D:11     | HP: 1/88 [six-headed hydra (11)]
  9412 | D:11     | Noticed Josephine
  9433 | D:11     | Noticed a skeletal warrior
  9438 | D:11     | Noticed a two-headed ogre
  9441 | D:11     | Noticed Morgoth's ghost (journeyman HuFE)
  9443 | D:11     | Noticed a kobold demonologist
  9443 | D:11     | Noticed a kobold demonologist
  9444 | D:11     | Noticed a kobold demonologist
  9463 | D:11     | Killed a kobold demonologist
  9463 | D:11     | Reached XP level 11. HP: 61/94 MP: 11/11
  9470 | D:11     | Reached *** piety under Okawaru
  9480 | D:11     | Noticed a soul eater
  9483 | D:11     | HP: 4/94 [ice devil[a kobold demonologist] (10)]
  9483 | D:11     | Mangled by a soul eater

Vault maps used:
D:1:      lemuel_arrival_broad_hall, minivault_25, minmay_tall_x
D:2:      nicolae_overflow_hidden_temple, marbit_many_paths, first_bread,
          chequers_ecumenical_altar_simple_redux
D:4:      serial_co_window_serial, co_window_of_opportunity_a,
          co_window_paths_a, co_window_corner_a, co_window_paths_a,
          co_window_paths_a, co_window_unsneaky_path_b, co_window_2corner,
          co_window_unsneaky_path_b, co_window_sun, glass_columns_b,
          glass_columns_a, glass_columns_a, uniq_grinder, uniq_natasha
D:5:      wad_floor_pattern_1
D:6:      uniq_duvessa
D:7:      yredelemnul_forgotten_temple_becter,
          minmay_temple_entry_enclosed_plants, grunt_livestock
D:8:      nicolae_qazlal_eye_of_the_storm
D:9:      kennysheep_little_box, orc_0_dummy, led_sif_pool
D:10:     tgw_xom
D:11:     lair_entry_dummy, nicolae_trove_entry_free_sample, st_stairs_3,
          uniq_josephine
Temple:   dpeg_five_rooms_temple
Lair:1:   st_stairs_7, lemuel_fruit_fields, minmay_lair_oklob_chamber,
          grunt_megastairs_4

Skill      XL: |  1  2  3  4  5  6  7  8  9 10 |
---------------+-------------------------------+-----
Throwing       | 2 |  2.0
Axes           | 5 6 7 9 11 13 14 | 14.9
Dodging        | 3 |  3.4
Fighting       | 3 4 5 6 8 |  8.2
Armour         | 2 3 5 6 8 |  8.1
Shields        | 4 |  4.9
Maces & Flails | |  0.7
Stealth        | |  0.9
Unarmed Combat | |  0.9

Action                   |  1- 3 |  4- 6 |  7- 9 | 10-12 || total
-------------------------+-------+-------+-------+-------++-------
Melee: War axe           |    75 |   141 |   432 |   230 ||   878
       Unarmed           |       |       |    16 |       ||    16
       Flail             |       |       |       |    14 ||    14
       Dagger            |       |       |       |     3 ||     3
  Use: Scroll            |       |       |       |    19 ||    19
       Potion            |       |       |       |     5 ||     5
 Stab: Sleeping          |     1 |       |       |       ||     1
       Distracted        |     1 |       |       |       ||     1
  Eat: Chunk             |       |     5 |    14 |     6 ||    25
       Fruit             |       |       |       |     2 ||     2
Armor: Leather armour    |    17 |       |       |       ||    17
       Ring mail         |     5 |    39 |       |       ||    44
       Gold dragon scale |       |    46 |   384 |   354 ||   784
Dodge: Dodged            |    49 |    96 |    50 |    22 ||   217
Block: Shield            |       |       |    17 |   168 ||   185

Table legend:
 A = Spawn XP
 B = Non-spawn XP
 C = Spawn XP percentage of total XP
 D = Spawn monster count
 E = Non-spawn monster count
 F = Spawn count percentage of total count
 G = Total turns spent on level
                    A         B        C        D         E        F      G
               +---------+---------+-------+---------+---------+-------+---------
         Total |       0 |    9637 |   0.0 |       0 |     226 |   0.0 |  9483
               +---------+---------+-------+---------+---------+-------+---------
           D:1 |       0 |      36 |   0.0 |       0 |      19 |   0.0 |   670
           D:2 |       0 |      81 |   0.0 |       0 |      19 |   0.0 |   911
           D:3 |       0 |     148 |   0.0 |       0 |      25 |   0.0 |   682
           D:4 |       0 |     825 |   0.0 |       0 |      26 |   0.0 |   851
           D:5 |       0 |     705 |   0.0 |       0 |      20 |   0.0 |   874
           D:6 |       0 |     584 |   0.0 |       0 |      13 |   0.0 |   784
           D:7 |       0 |    1575 |   0.0 |       0 |      26 |   0.0 |   948
           D:8 |       0 |     224 |   0.0 |       0 |      12 |   0.0 |   591
           D:9 |       0 |    4314 |   0.0 |       0 |      52 |   0.0 |  1837
          D:10 |       0 |     270 |   0.0 |       0 |       8 |   0.0 |   757
          D:11 |       0 |     738 |   0.0 |       0 |       5 |   0.0 |   389
        Lair:1 |       0 |     137 |   0.0 |       0 |       1 |   0.0 |    29
               +---------+---------+-------+---------+---------+-------+---------
